 Dungeon Crawl Stone Soup version 0.23.2-30-g0e89c35649 (webtiles) character file.

Game seed: 3900730226398026620

7777 Kobolds4U the Carver (level 11, -1/151 HPs)
             Began as a Minotaur Fighter on June 10, 2019.
             Was a Follower of Ashenzari.
             Slain by a vampire (7 damage)
             ... on level 11 of the Dungeon.
             The game lasted 00:26:52 (11721 turns).

Kobolds4U the Carver (Minotaur Fighter)            Turns: 11721, Time: 00:26:53

Health: -1/151     AC: 25    Str: 20    XL:     11   Next: 1%
Magic:  10/10      EV:  2    Int:  5    God:    Ashenzari [*.....]
Gold:   409        SH: 13    Dex: 20    Spells: 9/10 levels left

rFire    . . .     SeeInvis .   M - +3 long sword
rCold    + + +     Gourm    +   B - +3 shield of Beyond {rElec rC+++ Dex+6 Slay-5}
rNeg     + + +     Faith    .   (armour currently unavailable)
rPois    +         Spirit   .   (helmet currently unavailable)
rElec    +         Reflect  .   (cloak currently unavailable)
rCorr    .         Harm     .   (gloves currently unavailable)
MR       .....     NoTele   +   (boots currently unavailable)
Stlth    +++.......             x - amulet of the gourmand
HPRegen  0.35/turn              o - +3 ring of evasion
MPRegen  0.12/turn              m - ring of stealth

@: tree-form
A: (retaliatory headbutt)
a: Curse Item, Scrying, Renounce Religion


You were on level 11 of the Dungeon.
You worshipped Ashenzari.
Ashenzari was aware of your devotion.
You were very full.
You were a tree.
You visited 2 branches of the dungeon, and saw 12 of its levels.

You collected 621 gold pieces.
You spent 212 gold pieces at shops.

Inventory:

Hand Weapons
 z - the +6 long sword "Cygaerch" {pain, rF++ Int+4}
   (You bought it in a shop on level 7 of the Dungeon)

   In the hands of one skilled in necromantic magic, it inflicts extra damage on
   living creatures.
   It affects your intelligence (+4).
   It greatly protects you from fire.
 G - a +2 long sword of freezing
 M - a +3 long sword (weapon)
Missiles
 j - 9 tomahawks (quivered)
Armour
 c - a +0 shield
 v - a cursed +0 plate armour (melded)
 B - the +3 shield of Beyond (worn) {rElec rC+++ Dex+6 Slay-5}
   (You found it on level 8 of the Dungeon)

   It affects your dexterity (+6).
   It affects your accuracy and damage with ranged weapons and melee attacks
   (-5).
   It renders you almost immune to cold.
   It insulates you from electricity.
 D - a +1 chain mail of positive energy
Jewellery
 k - an uncursed amulet of magic regeneration
 m - a ring of stealth (right branch)
 n - an uncursed ring of ice
 o - a +3 ring of evasion (left branch)
 x - an amulet of the gourmand (around neck)
 A - an uncursed ring of positive energy
 K - an uncursed ring of resist corrosion
Wands
 a - a wand of flame (8)
 p - a wand of polymorph (13)
 s - a wand of acid (13)
 F - a wand of digging (5)
 L - a wand of random effects (17)
Scrolls
 e - 3 scrolls of blinking {unknown}
 g - a scroll of magic mapping {unknown}
 h - a scroll of immolation {unknown}
 i - 10 scrolls of identify {unknown}
 q - 5 scrolls of amnesia {unknown}
 u - 3 scrolls of teleportation {unknown}
 y - a scroll of fear {unknown}
 C - 2 scrolls of remove curse
 H - a scroll of summoning {unknown}
 I - a scroll of enchant weapon {unknown}
Potions
 d - a potion of might
 l - 2 potions of curing {unknown}
 r - a potion of heal wounds {unknown}
 t - a potion of agility {unknown}
 w - a potion of cancellation {unknown}
 E - a potion of resistance {unknown}
 J - a potion of magic {unknown}
Comestibles
 f - 24 rations


   Skills:
 + Level 10.5 Fighting
 - Level 14.1 Long Blades
 + Level 8.1 Armour
 * Level 6.1 Dodging
 - Level 3.6 Shields


You had 9 spell levels left.
You knew the following spells:

 Your Spells              Type           Power        Failure   Level  Hunger
a - Summon Butterflies    Summ           #.......     93%         1    ##.....

Your spell library contained the following spells:

 Spells                   Type           Power        Failure   Level  Hunger
 Sandblast                Erth           #.....       93%         1    ##.....
 Call Canine Familiar     Summ           #.......     100%        3    ####...
 Leda's Liquefaction      Hex/Erth       #.........   100%        4    #####..
 Summon Ice Beast         Ice/Summ       #.......     100%        4    #####..
 Borgnjor's Vile Clutch   Necr/Erth      #.........   100%        5    ######.
 Summon Mana Viper        Hex/Summ       #.......     100%        5    ######.
 Iron Shot                Conj/Erth      #.........   100%        6    #######
 Summon Hydra             Summ           #.........   100%        7    #######


Dungeon Overview and Level Annotations

Branches:
Dungeon (11/15)            Temple (1/1) D:6            Lair (0/6) D:8
    Orc (0/2) D:9

Altars:
Ashenzari
Cheibriados
Dithmenos
Elyvilon
Fedhas
Gozag
Hepliaklqana
Kikubaaqudgha
Makhleb
Nemelex Xobeh
Okawaru
Qazlal
Ru
Sif Muna
Trog
Uskayaw
Vehumet
Wu Jian
Xom
Yredelemnul
Zin
The Shining One

Shops:
D:7 (

Annotations:
D:7 3 runed translucent doors, gnacko's ghost, novice MiFi
D:10 3 runed translucent doors, voshxx's ghost, journeyman MiFi


Innate Abilities, Weirdness & Mutations

((You reflexively headbutt those who attack you in melee.))
((You have a pair of horns on your head.))


Message History

You hit something but do no damage.
You hear some strange, mumbled words.
Something tries to affect you, but you resist.
You hit something but do no damage. You hit something.
Something is infused with unholy energy, but nothing happens.
You miss something. Something hits you but does no damage.
You block something's attack.
You hit something but do no damage. Something hits you but does no damage.
Something bites you but does no damage.
You barely miss something. Something hits you.
* * * LOW HITPOINT WARNING * * *
You block something's attack.
You barely miss something. You hit something. You block something's attack.
Something bites you.
* * * LOW HITPOINT WARNING * * *
You barely miss something. Something hits you but does no damage.
You block something's attack.
You closely miss something. Something hits you!
You die...

. #.# .. #.#
...# #.#
.....###.###
#.......#
###.<...#
#†..).####
#........###.#
#.....{♣.....#
###.....######
#.........
......#.####
...####.# ###
#.# #.# #.


There were no monsters in sight!

Vanquished Creatures
  Fannar (D:11)
  A death yak (D:8)
  An unseen horror (D:10)
  A deep elf mage (D:10)
  A troll (D:10)
  A hornet (D:10)
  A hippogriff (D:9)
  A spriggan (D:9)
  A steam dragon (D:9)
  A hungry ghost (D:8)
  Menkaure (D:4)
  2 water moccasins
  2 sky beasts
  An orc warrior (D:10)
  2 ice beasts (D:9)
  2 black bears
  3 phantoms
  A necrophage (D:10)
  6 ogres
  3 centaurs
  A crocodile (D:10)
  A big kobold (D:7)
  7 bullfrogs
  3 scorpions
  3 killer bees (D:10)
  4 wights (D:8)
  2 vampire bats (D:5)
  2 jellies (D:7)
  2 howler monkeys
  A centaur zombie (D:6)
  3 crimson imps
  A quasit (D:9)
  3 bullfrog zombies
  A bullfrog skeleton (D:4)
  5 hounds
  3 orc priests
  2 orc wizards
  2 iguanas
  9 worker ants
  A killer bee zombie (D:9)
  2 hound zombies
  12 adders
  4 gnolls (D:2)
  2 shadow imps
  2 oozes
  2 adder skeletons
  A worm (D:3)
  2 dart slugs
  5 leopard geckos
  18 orcs
  12 giant cockroaches
  8 goblins
  6 hobgoblins
  9 jackals
  8 kobolds
  3 quokkas
  2 ball pythons (D:3)
  10 bats
  4 frilled lizards
  A goblin skeleton (D:10)
  A jackal skeleton (D:10)
  A kobold zombie (D:10)
  7 rats
211 creatures vanquished.

Notes
Turn   | Place    | Note
-------+----------+-------------------------------------------
     0 | D:1      | Kobolds4U the Minotaur Fighter began the quest for the Orb.
     0 | D:1      | Reached XP level 1. HP: 19/19 MP: 0/0
    92 | D:1      | Reached skill level 3 in Long Blades
   164 | D:1      | Reached XP level 2. HP: 25/26 MP: 1/1
   462 | D:1      | Reached skill level 4 in Long Blades
   592 | D:1      | Reached XP level 3. HP: 31/31 MP: 2/2
  1146 | D:2      | Reached skill level 5 in Long Blades
  1422 | D:2      | Reached XP level 4. HP: 39/39 MP: 3/3
  1747 | D:3      | Reached skill level 6 in Long Blades
  1837 | D:3      | Reached XP level 5. HP: 42/45 MP: 4/4
  2373 | D:3      | Reached skill level 7 in Long Blades
  2554 | D:3      | Noticed a phantom
  2560 | D:3      | Killed a phantom
  2560 | D:3      | Reached XP level 6. HP: 46/51 MP: 5/5
  2959 | D:4      | Reached skill level 8 in Long Blades
  2963 | D:4      | Noticed Menkaure
  3589 | D:4      | Killed Menkaure
  3589 | D:4      | Reached skill level 9 in Long Blades
  3589 | D:4      | Reached XP level 7. HP: 57/57 MP: 6/6
  3665 | D:5      | Entered Level 5 of the Dungeon
  4249 | D:5      | Reached skill level 10 in Long Blades
  4365 | D:5      | Found a basalt altar of Yredelemnul.
  4600 | D:5      | Reached skill level 5 in Fighting
  4823 | D:5      | Reached XP level 8. HP: 66/68 MP: 7/7
  5033 | D:6      | Identified the Grimoire of the Rocks
  5040 | D:6      | Learned a level 1 spell: Summon Butterflies
  5115 | D:6      | Reached skill level 11 in Long Blades
  5399 | D:6      | Found a staircase to the Ecumenical Temple.
  5464 | Temple   | Entered the Ecumenical Temple
  5557 | Temple   | Became a worshipper of Ashenzari the Shackled
  5832 | D:6      | Found a glowing golden altar of the Shining One.
  6266 | D:7      | Found a runed translucent gate.
  6267 | D:7      | Found a runed translucent gate.
  6267 | D:7      | Found a runed translucent gate.
  6268 | D:7      | Noticed gnacko's ghost (novice MiFi)
  6307 | D:7      | Reached skill level 12 in Long Blades
  6456 | D:7      | Reached XP level 9. HP: 33/79 MP: 8/8
  6974 | D:7      | Found Wicaosio's Antique Weapon Shop.
  6979 | D:7      | Bought a crude long sword for 212 gold pieces
  6979 | D:7      | Identified the +6 long sword "Cygaerch" {pain, rF++ Int+4}
                  | (You bought it in a shop on level 7 of the Dungeon)
  7103 | D:7      | Found a hazy altar of Hepliaklqana.
  7480 | D:8      | Identified the +3 shield of Beyond {rElec rC+++ Dex+6
                  | Slay-5}
  7578 | D:8      | Reached skill level 13 in Long Blades
  7704 | D:8      | Reached * piety under Ashenzari
  7826 | D:8      | Noticed a death yak
  7826 | D:8      | Noticed a death yak
  7826 | D:8      | Noticed a death yak
  7839 | D:8      | Noticed a death yak
  7840 | D:8      | Noticed a death yak
  7894 | D:7      | HP: 3/81 [death yak (25)]
  8476 | D:8      | Killed a death yak
  8476 | D:8      | Reached skill level 5 in Armour
  8762 | D:8      | Found a staircase to the Lair.
  8932 | D:9      | Found a staircase to the Orcish Mines.
  9181 | D:9      | Found a hide-covered altar of Uskayaw.
  9181 | D:9      | Found a burning altar of Makhleb.
  9182 | D:9      | Found a snail-covered altar of Cheibriados.
  9184 | D:9      | Found a bloodstained altar of Trog.
  9208 | D:9      | Reached skill level 14 in Long Blades
  9208 | D:9      | Reached XP level 10. HP: 72/91 MP: 9/9
  9597 | D:9      | Found a white marble altar of Elyvilon.
  9941 | D:9      | Found a hazy altar of Hepliaklqana.
 10072 | D:10     | Entered Level 10 of the Dungeon
 10120 | D:10     | Noticed a deep elf mage
 10133 | D:10     | Killed a deep elf mage
 10451 | D:10     | Found a runed translucent gate.
 10451 | D:10     | Found a runed translucent gate.
 10452 | D:10     | Found a runed translucent gate.
 10453 | D:10     | Noticed voshxx's ghost (journeyman MiFi)
 10456 | D:10     | Noticed a spectral centaur warrior
 10575 | D:10     | Found a runed translucent door.
 10578 | D:10     | Found a basalt altar of Yredelemnul.
 10653 | D:10     | Reached skill level 10 in Fighting
 11293 | D:10     | Killed an unseen horror
 11293 | D:10     | Reached skill level 5 in Dodging
 11624 | D:11     | Noticed Fannar
 11684 | D:11     | Killed Fannar
 11684 | D:11     | Reached XP level 11. HP: 59/101 MP: 10/10
 11707 | D:11     | HP: 4/101 [something (3)]
 11719 | D:11     | HP: 5/151 [something (3)]
 11721 | D:11     | Slain by a vampire

Skill      XL: |  1  2  3  4  5  6  7  8  9 10 |
---------------+-------------------------------+-----
Long Blades    | 3 4 5 6 7 9 10 12 14 | 14.1
Fighting       | 5 7 9 10 | 10.5
Armour         | 5 8 |  8.1
Dodging        | 6 |  6.1
Shields        | |  3.6

Action                   |  1- 3 |  4- 6 |  7- 9 | 10-12 || total
-------------------------+-------+-------+-------+-------++-------
Melee: Long sword        |    99 |   145 |   373 |   267 ||   884
       Headbutt          |    11 |    30 |    73 |    68 ||   182
Throw: Tomahawk          |       |       |    10 |     3 ||    13
Invok: Curse Item        |       |       |     2 |       ||     2
  Use: Scroll            |       |       |       |     1 ||     1
       Potion            |       |       |       |     1 ||     1
  Eat: Chunk             |     2 |     7 |    34 |     8 ||    51
Armor: Scale mail        |    55 |    29 |       |       ||    84
       Chain mail        |       |    23 |    57 |       ||    80
       Plate armour      |       |       |   124 |   124 ||   248
       Skin              |       |       |       |     7 ||     7
Dodge: Dodged            |    29 |    31 |    56 |    68 ||   184
Block: Shield            |    58 |    66 |   156 |   133 ||   413
       Rpst.: Long sword |     5 |    11 |    13 |    17 ||    46
